AoeStats
← RS_Medik

Arena

510363863Analyzed
4v4 RM · 13h ago on Sep 30, 2026· 36m 3s· 8 players
Game mode
Random Map
Map size
Large (8 player)
Population
200
Speed
Normal
Resources
Standard
Victory
Conquest
Starting age
Dark Age
Ending age
Imperial Age
RankedLock teamsTeams togetherTeam positionsShared explorationLock speedFull tech treeHidden civsTurbo modeCheats
Victory
Defeat
🇭🇷 Armenians · Croatia
889
+16
🇹🇷 Vietnamese · Türkiye
878
+16
🇹🇷 Poles · Türkiye
878
+16
🇭🇷 Cumans · Croatia
861
+17
🇸🇪 Cumans · Sweden
904
-17
🇪🇸 Franks · Spain
894
-17
🇨🇳 Khmer · China
888
-17
🇩🇪 Britons · Germany
839
-37
AlfioBang
10:09 Feudal Age
10:34 Double-Bit Axe
18:41 Horse Collar
21:34 Wheelbarrow
25:39 Castle Age
25:04 Gold Mining
25:42 Capped Ram
27:07 Hand Cart
30:29 Gold Shaft Mining
32:42 Imperial Age
31:06 Bow Saw
30:58 Heavy Plow
32:56 Siege Ram
36:18 Two-Man Saw
RS_Medik
11:23 Feudal Age
11:32 Man-at-Arms
12:52 Long Swordsman
14:21 Arson
16:39 Double-Bit Axe
18:14 Scale Mail Armor
18:59 Gold Mining
20:15 Horse Collar
26:28 Castle Age
25:00 Scale Barding Armor
26:27 Forging
28:00 Chain Mail Armor
28:34 Wheelbarrow
28:37 Loom
28:53 Stone Mining
29:13 Bow Saw
29:55 Hand Cart
30:26 Two-Handed Swordsman
30:52 Gambesons
31:07 Squires
32:48 Heavy Plow
32:57 Pikeman
34:36 Halberdier
MAD
1:16 Loom
15:48 Feudal Age
17:15 Wheelbarrow
16:29 Double-Bit Axe
20:18 Castle Age
19:07 Stone Mining
23:11 Bow Saw
23:13 Gold Mining
24:55 Stone Shaft Mining
26:14 Chatras
27:42 Hand Cart
28:13 Bloodlines
28:03 Husbandry
34:05 Forging
34:01 Scale Barding Armor
karaokur
0:30 Loom
13:42 Feudal Age
14:15 Horse Collar
14:24 Double-Bit Axe
16:19 Wheelbarrow
16:04 Man-at-Arms
17:25 Scale Mail Armor
23:46 Castle Age
22:06 Stone Mining
22:06 Gold Mining
23:40 Fletching
23:51 Padded Archer Armor
24:02 Forging
23:58 Scale Barding Armor
25:23 Hand Cart
25:18 Heavy Plow
29:06 Hand Cart
29:14 Bow Saw
34:22 Imperial Age
33:17 Iron Casting
33:03 Chain Barding Armor
32:20 Light Cavalry
33:11 Bloodlines
33:01 Husbandry
35:24 Lechitic Legacy
35:26 Conscription
34:30 Winged Hussar
36:06 Crop Rotation
Taking
10:28 Feudal Age
12:46 Double-Bit Axe
18:16 Castle Age
WMWMWMW
6:19 Loom
10:08 Feudal Age
11:15 Man-at-Arms
13:01 Double-Bit Axe
15:27 Wheelbarrow
18:23 Scale Mail Armor
20:30 Fletching
27:32 Castle Age
30:40 Thumb Ring
30:33 Bodkin Arrow
30:44 Scale Barding Armor
30:39 Gold Mining
31:20 Hand Cart
DavinHo_Abascal_
10:33 Feudal Age
15:29 Castle Age
23:12 Stone Mining
23:50 Gold Mining
27:58 Husbandry
33:32 Gold Shaft Mining
33:01 Double-Bit Axe
可可
9:43 Feudal Age
14:19 Castle Age
13:06 Double-Bit Axe
13:04 Horse Collar
21:03 Wheelbarrow
21:12 Loom
Connection lost

Rejoining the realm…

Still unreachable

The connection could not be restored.

Session expired

The server has moved on; the page needs a fresh start.